 Dungeon Crawl Stone Soup version 0.29-a0-322-g68df515428 (webtiles) character file.

Game seed: 6393237072303931372

10422 kae the Destroyer (level 11, -2/66 HPs)
             Began as a Tengu Fire Elementalist on Apr 8, 2022.
             Was a Believer of Sif Muna.
             Slain by Urug
             ... wielding a +0 glaive of freezing
              (23 damage)
             ... on level 2 of the Lair of Beasts.
             The game lasted 00:14:01 (19158 turns).

kae the Destroyer (Tengu Fire Elementalist)        Turns: 19158, Time: 00:14:01

Health: -2/66      AC: 10    Str: 10    XL:     11   Next: 61%
Magic:  0/21       EV: 18    Int: 25    God:    Sif Muna [**....]
Gold:   722        SH:  0    Dex: 16    Spells: 10/23 levels left

rFire   . . .      SeeInvis +   i - +2 short sword (vorpal)
rCold   . . .      Faith    .   (no shield)
rNeg    + . .      Spirit   +   j - +3 leather armour
rPois   +          Reflect  .   (helmet restricted)
rElec   .          Harm     .   g - +2 cloak
rCorr   .          Rampage  .   (no gloves)
Will    .....                   (boots unavailable)
Stlth   +++.......              n - amulet of Cigg {Spirit rPois rN+ Int+4 Stlth+}
HPRegen 0.21/turn               l - ring of poison resistance
MPRegen 0.17/turn               r - ring of see invisible

@: flying quickly and evasively, quick
A: beak, talons 3, nimble flight, antennae 1, agile 1, strong 1, subdued magic 1
a: Renounce Religion, Channel Magic


You were on level 2 of the Lair of Beasts.
You worshipped Sif Muna.
Sif Muna was pleased with you.
You visited 3 branches of the dungeon, and saw 13 of its levels.

You collected 742 gold pieces.
You spent 20 gold pieces at shops.

Inventory:

Hand Weapons
 i - a +2 vorpal short sword (weapon)
Missiles
 q - a throwing net
Armour
 a - a +0 robe
 g - a +2 cloak (worn)
 j - a +3 leather armour (worn)
 v - +0 steam dragon scales
Jewellery
 e - a +6 ring of strength
 l - a ring of poison resistance (left hand)
 n - the amulet of Cigg (around neck) {Spirit rPois rN+ Int+4 Stlth+}
   (You acquired it on level 6 of the Dungeon)

   [amulet of guardian spirit]

   It causes incoming damage to be divided between your reserves of health and
   magic.
   Int:       It affects your intelligence (+4).
   rPois:     It protects you from poison.
   rN:        It protects you from negative energy.
   Stlth:     It makes you more stealthy.
 o - a ring of positive energy
 r - a ring of see invisible (right hand)
 t - an amulet of faith
 w - a +6 ring of intelligence
 y - an amulet of the acrobat
Wands
 B - a wand of mindburst (4)
 D - a wand of acid (5)
Scrolls
 c - 4 scrolls of fog
 f - 3 scrolls of enchant weapon
 h - 8 scrolls of teleportation
 u - 3 scrolls of identify
 A - a scroll of fear
Potions
 b - a potion of magic
 d - 3 potions of might
 k - 2 potions of haste
 m - 9 potions of curing
 p - 3 potions of ambrosia
 s - 2 potions of attraction
 x - a potion of brilliance
 z - 2 potions of heal wounds
 C - a potion of berserk rage


   Skills:
 + Level 6.8 Fighting
 + Level 7.5 Armour
 + Level 8.0 Dodging
 - Level 2.0 Stealth
 + Level 6.6 Spellcasting
 + Level 9.1 Conjurations
 + Level 8.3 Fire Magic
 + Level 5.4 Invocations


You had 10 spell levels left.
You knew the following spells:

 Your Spells              Type           Power      Damage    Failure   Level
a - Foxfire               Conj/Fire      100%       2x1d9     1%          1
b - Scorch                Fire           76%        2d8       1%          2
c - Conjure Flame         Conj/Fire      39%        6-21      1%          3
d - Inner Flame           Hex/Fire       22%        N/A       3%          3
e - Flame Wave            Conj/Fire      39%        2d9       1%          4

Your spell library contained the following spells:

 Spells                   Type           Power      Damage    Failure   Level
 Magic Dart               Conj           100%       1d8       1%          1
 Mephitic Cloud           Conj/Pois/Air  18%        N/A       6%          3
 Call Imp                 Summ           6%         N/A       12%         2
 Corpse Rot               Necr/Air       12%        N/A       12%         2
 Gell's Gravitas          Tloc           6%         N/A       22%         3
 Summon Guardian Golem    Hex/Summ       6%         N/A       22%         3
 Teleport Other           Tloc           6%         N/A       22%         3
 Dispel Undead            Necr           6%         3d8       61%         4
 Orb of Destruction       Conj           20%        9d8       85%         7
 Death Channel            Necr           3%         N/A       100%        6
 Dispersal                Tloc           3%         N/A       100%        6
 Spellforged Servitor     Conj/Summ      11%        N/A       100%        7


Dungeon Overview and Level Annotations

Branches:
Dungeon (10/15)            Temple (1/1) D:4            Lair (2/6) D:8
  Swamp: Lair:2-4    Shoals: Lair:2-4     Snake: Lair:2-4    Spider: Lair:2-4
    Orc: D:9-12

Altars:
Ashenzari
Cheibriados
Dithmenos
Elyvilon
Fedhas
Gozag
Hepliaklqana
Kikubaaqudgha
Makhleb
Nemelex Xobeh
Okawaru
Qazlal
Ru
Sif Muna
Trog
Uskayaw
Vehumet
Wu Jian
Xom
Yredelemnul
Zin
The Shining One

Shops:
D:1 =   D:7 [((*(   D:9 =

Annotations:
D:7 exclusion: boulder beetle
D:8 Maurice
Lair:1 exclusion: hydra
Lair:2 Urug


Innate Abilities, Weirdness & Mutations

You have a beak for a mouth.
You have claws for feet.
Your magical nature lets you fly swiftly and evasively.
You have a pair of small antennae on your head.
You are agile. (Dex +2)
Your muscles are strong. (Str +2)
Your spells are a little easier to cast, but a little less powerful.


Message History

Confirm with . or Enter, or press ? or * to list all spells.
Aiming: Inner Flame (dangerous; 3% risk of failure)
Press: ? - help, Dir - move target, f - Urug
Aim: Urug, wielding a +0 glaive of freezing, wearing a +0 scale mail and quivering javelins (chance to affect: 62%) Urug is filled with an inner flame.
Casting: Inner Flame (dangerous; 3% risk of failure)
Confirm with . or Enter, or press ? or * to list all spells.
You conjure some foxfire!
Casting: Foxfire (safe; 1% risk of failure)
Confirm with . or Enter, or press ? or * to list all spells.
You conjure some foxfire!
The foxfire hits Urug but does no damage.
Urug hits you from afar with a +0 glaive of freezing!!
Urug freezes you.
The foxfire hits Urug.
Flame seeps out of Urug.
Urug is lightly wounded.
The foxfire hits Urug.
Flame seeps out of Urug.
Urug is lightly wounded.
Urug is engulfed in blazing flames.
Flame seeps out of Urug.
Urug hits you from afar with a +0 glaive of freezing!
Urug freezes you.
Casting: Foxfire (safe; 1% risk of failure)
Confirm with . or Enter, or press ? or * to list all spells.
You conjure some foxfire!
Urug is engulfed in blazing flames.
Flame seeps out of Urug.
Urug throws a javelin.
The javelin pierces through you.
The javelin pierces through your foxfire!
The foxfire hits Urug but does no damage.
Urug is moderately wounded.
The foxfire hits Urug.
Flame seeps out of Urug.
Urug is moderately wounded.
Urug is engulfed in blazing flames.
Flame seeps out of Urug.
Urug grins evilly.
Urug hits you from afar with a +0 glaive of freezing!!
Urug freezes you!
Casting: Foxfire (safe; 1% risk of failure)
Confirm with . or Enter, or press ? or * to list all spells.
You conjure some foxfire!
Urug hits you from afar with a +0 glaive of freezing!!
You die...

### ##.♣≈.#.##..#.##.8.##.#
.P## ##≈P...#.....?##....#
.P.## #≈≈≈.#............#
....## #≈.≈....P.....#†..#
.....### ##.......#######.###
.......# #...#...P# #...P#
#.....## ##......## ####..##
###...### ###o#§v##
##.#8..8### ##....### ##.@§.#
#P.Y..>Y..# ##.....###
##v§.#####.Y.....Y#
#.....#P####..#.#....#8..8#..
###...........#......##..###.
###...........#............
###.........#............
######..#####...#...#P.
##...####.##.#####
#.#.....######


You could see Urug (inner flame, ally target).

Vanquished Creatures
  3 death yaks (Lair:1)
  3 elephants (Lair:1)
  A black mamba (Lair:1)
  2 komodo dragons
  2 rime drakes
  A troll (D:10)
  A polar bear (Lair:1)
  A vampire (D:8)
  A wyvern (D:7)
  11 yaks
  A steam dragon (D:9)
  3 water moccasins
  Duvessa (D:7)
  2 ice beasts
  2 orc warriors
  An ogre (D:4)
  4 wolves
  5 centaurs
  A phantom (D:6)
  6 bullfrogs
  3 scorpions
  2 necrophages (D:6)
  Dowan (D:7)
  4 killer bees (D:8)
  An electric eel (D:7)
  9 orc priests
  2 hounds
  A gnoll shaman (D:10)
  2 jellies
  8 orc wizards
  4 iguanas
  3 gnolls (D:10)
  8 adders
  2 white imps (D:6)
  2 worms
  5 dart slugs
  36 orcs
  8 ball pythons
  3 bats (D:1)
  7 endoplasms
  A giant cockroach (D:2)
  12 goblins
  10 hobgoblins
  2 jackals (D:1)
  5 quokkas
  3 frilled lizards
  6 kobolds
  5 rats
207 creatures vanquished.

Vanquished Creatures (collateral kills)
  2 yaks (D:10)
2 creatures vanquished.

Vanquished Creatures (others)
  659 foxfires
  A fungus (Lair:1)
  2 plants (Lair:2)
662 creatures vanquished.

Grand Total: 871 creatures vanquished

Notes
Turn   | Place    | Note
-------+----------+-------------------------------------------
     0 | D:1      | kae the Tengu Fire Elementalist began the quest for the
                  | Orb.
     0 | D:1      | Reached XP level 1. HP: 10/10 MP: 4/4
    88 | D:1      | Reached XP level 2. HP: 5/15 MP: 3/6
   530 | D:1      | Reached skill level 2 in Conjurations
   682 | D:1      | Reached XP level 3. HP: 20/20 MP: 4/7
   691 | D:1      | Reached skill level 1 in Armour
  1052 | D:1      | Found Ocziruf's Jewellery Emporium.
  1840 | D:2      | Reached skill level 1 in Fighting
  2416 | D:2      | Found a faded altar of an unknown god.
  2489 | D:2      | Reached XP level 4. HP: 25/25 MP: 4/8
  3015 | D:3      | Found an iron altar of Okawaru.
  3490 | D:3      | Learned a level 2 spell: Scorch
  3494 | D:3      | Learned a level 3 spell: Conjure Flame
  3520 | D:3      | Gained mutation: Your magical nature lets you fly swiftly
                  | and evasively. [Tengu growth]
  3520 | D:3      | Reached XP level 5. HP: 29/29 MP: 6/9
  4500 | D:4      | Found a shadowy altar of Dithmenos.
  4577 | D:4      | Noticed an ogre
  4591 | D:4      | Killed an ogre
  4592 | D:4      | Reached skill level 3 in Conjurations
  4592 | D:4      | Reached XP level 6. HP: 35/35 MP: 6/11
  4862 | D:4      | Found a staircase to the Ecumenical Temple.
  4923 | Temple   | Entered the Ecumenical Temple
  5347 | D:4      | Noticed an ice beast
  5667 | D:5      | Entered Level 5 of the Dungeon
  6520 | D:4      | Learned a level 3 spell: Inner Flame
  6603 | D:4      | Reached XP level 7. HP: 40/40 MP: 9/12
  6729 | D:4      | Reached skill level 4 in Conjurations
  6927 | D:4      | Identified the +8 short sword of Kismet {venom, +Blink
                  | Int+4}
  7154 | D:6      | Found a radiant altar of Vehumet.
  7155 | D:6      | Found a shimmering blue altar of Sif Muna.
  7209 | D:6      | Found a stormy altar of Qazlal.
  7210 | D:6      | Found a broken altar of Ashenzari.
  7210 | D:6      | Found a glowing silver altar of Zin.
  7210 | D:6      | Found a glowing golden altar of the Shining One.
  7210 | D:6      | Found a bloodstained altar of Trog.
  7214 | D:6      | Became a worshipper of Sif Muna the Loreminder
  7217 | D:6      | Found a sacrificial altar of Ru.
  7491 | D:5      | HP: 1/41 [centaur (4)]
  7853 | D:5      | Reached skill level 5 in Fire Magic
  7853 | D:5      | Reached XP level 8. HP: 31/46 MP: 8/14
  7964 | D:5      | Reached skill level 1 in Invocations
  8567 | D:6      | Gained mutation: Your spells are a little easier to cast,
                  | but a little less powerful. [potion of mutation]
  8567 | D:6      | Gained mutation: You have a pair of small antennae on your
                  | head. [potion of mutation]
  8567 | D:6      | Gained mutation: Your muscles are strong. (Str +2) [potion
                  | of mutation]
  8567 | D:6      | Gained mutation: You are agile. (Dex +2) [potion of
                  | mutation]
  8568 | D:6      | HP: 3/69 [orc priest/divine providence (14)]
  8935 | D:6      | Reached skill level 5 in Conjurations
  9260 | D:6      | Reached skill level 5 in Dodging
  9568 | D:6      | Identified a scroll of acquirement
  9568 | D:6      | Acquired the amulet of Cigg {Spirit rPois rN+ Int+4 Stlth+}
  9587 | D:7      | Noticed Duvessa
  9587 | D:7      | Noticed Dowan
  9608 | D:7      | Killed Duvessa
  9609 | D:7      | Killed Dowan
  9648 | D:7      | Noticed a wyvern
  9650 | D:7      | Found a hide-covered altar of Uskayaw.
  9661 | D:7      | Killed a wyvern
  9662 | D:7      | Reached XP level 9. HP: 52/52 MP: 5/16
 10000 | D:7      | Reached skill level 6 in Conjurations
 10024 | D:7      | Reached * piety under Sif Muna
 10025 | D:7      | Reached skill level 5 in Armour
 10861 | D:7      | Found Zeaf's Weapon Shop.
 10861 | D:7      | Found Irurphisull's General Store.
 10863 | D:7      | Found Kut Umisto's Antique Weapon Shoppe.
 10865 | D:7      | Found Pocyem's Antique Weapon Shop.
 10865 | D:7      | Found Udauh's Armour Emporium.
 10939 | D:7      | Bought a scroll of identify for 20 gold pieces
 11045 | D:7      | Noticed a boulder beetle
 11274 | D:8      | Found a blossoming altar of Fedhas.
 11307 | D:8      | Reached skill level 5 in Spellcasting
 11311 | D:8      | Reached skill level 5 in Fighting
 11406 | D:8      | Learned a level 4 spell: Flame Wave
 11434 | D:8      | Reached XP level 10. HP: 59/59 MP: 9/18
 11473 | D:8      | Reached skill level 7 in Conjurations
 11641 | D:8      | Noticed Maurice
 11996 | D:8      | Found a staircase to the Lair.
 13037 | D:9      | Found an ornate altar of the Wu Jian Council.
 13267 | D:9      | Found Lumofein's Jewellery Boutique.
 13763 | D:10     | Entered Level 10 of the Dungeon
 13788 | D:10     | Reached ** piety under Sif Muna
 14839 | Lair:1   | Entered Level 1 of the Lair of Beasts
 15601 | D:8      | Reached skill level 8 in Conjurations
 16037 | Lair:1   | Noticed a six-headed hydra
 16196 | Lair:1   | Noticed a death yak
 16283 | Lair:1   | Noticed a death yak
 16305 | Lair:1   | Killed a death yak
 16306 | Lair:1   | Reached XP level 11. HP: 45/64 MP: 8/21
 17081 | Lair:1   | Noticed a death yak
 17108 | Lair:1   | Killed a death yak
 17109 | Lair:1   | Reached skill level 5 in Invocations
 17323 | Lair:1   | Killed a death yak
 18329 | Lair:1   | Reached skill level 9 in Conjurations
 18897 | Lair:2   | Noticed Urug
 19158 | Lair:2   | Slain by Urug

Illustrated notes

Levels and vault maps discovered:
D:1:      giann_horns, layout_basic, serial_shops, shop
D:2:      layout_loops_corners, chequers_ecumenical_altar_island
D:3:      layout_loops_ring, lemuel_tele_altar, ebering_dispersal_statue_hall
D:4:      minmay_chambers_of_threes, layout_cave_pods,
          mainiacjoe_overflow_alcove_1, minmay_temple_entry_ruins
D:5:      layout_basic
D:6:      layout_rooms, minitemple, uniq_sigmund
D:7:      layout_basic, mainiacjoe_overflow_paths, minmay_misc_feat_ornament,
          grunt_decor_one_mirror, nicolae_wooded_promenade, uniq_duvessa
D:8:      layout_gridville, mainiacjoe_overflow_cross_hatched, lair_entry_dummy,
          uniq_maurice
D:9:      layout_irregular_city, nzn_wu_jian_contemplation, serial_shops,
          shop_fountains, st_stairs_6
D:10:     layout_basic
Temple:   compressed_dpeg_triangle_lava_temple
Lair:1:   layout_cave_shapes
Lair:2:   layout_concentric_octagons, serial_bayou_pond_e, st_stairs_6,
          serial_bayou_shore_b, grunt_megastairs_2, serial_bayou_shore_b,
          uniq_urug

Skill      XL: |  1  2  3  4  5  6  7  8  9 10 11 |
---------------+----------------------------------+-----
Conjurations   | 2 3 4 5 6 8 9 |  9.1
Armour         | 1 2 3 4 5 6 7 |  7.5
Fighting       | 1 2 3 4 5 6 |  6.8
Dodging        | 3 4 5 6 7 8 |  8.0
Fire Magic     | 4 5 6 7 8 |  8.3
Spellcasting   | 3 4 5 6 |  6.6
Invocations    | 2 3 4 5 |  5.4
Stealth        | |  2.0

Action                   |  1- 3 |  4- 6 |  7- 9 | 10-12 || total
-------------------------+-------+-------+-------+-------++-------
Melee: Unarmed           |    27 |    15 |       |       ||    42
       Peck              |     8 |     6 |    21 |    24 ||    59
       Punch             |     1 |       |     1 |     1 ||     3
       Kick              |     1 |     7 |    30 |    32 ||    70
       Short sword       |       |    19 |    91 |    78 ||   188
 Cast: Foxfire           |    83 |    84 |    96 |   120 ||   383
       Scorch            |       |     8 |    76 |    96 ||   180
       Conjure Flame     |       |       |     6 |     9 ||    15
       Inner Flame       |       |       |     1 |     4 ||     5
       Flame Wave        |       |       |       |     1 ||     1
  Use: Scroll            |     4 |     7 |     5 |     7 ||    23
       Potion            |       |     2 |     5 |       ||     7
 Stab: Sleeping          |       |     1 |     2 |       ||     3
Armor: Robe              |    10 |    12 |       |       ||    22
       Leather armour    |       |    11 |    50 |   125 ||   186
       Skin              |       |       |    13 |       ||    13
Dodge: Dodged            |    29 |    36 |   148 |   385 ||   598

Table legend: (Time is in decaauts)
 A = Elapsed time spent in this place.
 B = Non-inter-level travel time spent in this place.
 C = Inter-level travel time spent in this place.
 D = Time resting spent in this place.
 E = Time spent auto-exploring this place.
 F = Levels seen in this place.
 G = Mean time per level.
                   A        B        C        D        E       F      G
               +--------+--------+--------+--------+--------+-----+--------+
         Total |  18472 |  17884 |    588 |   3929 |  11313 |  13 | 1420.9 |
       Dungeon |  14916 |  14387 |    529 |   2767 |   9548 |  10 | 1491.6 |
        Temple |    261 |    238 |     23 |      0 |    232 |   1 |  261.0 |
          Lair |   3294 |   3259 |     35 |   1162 |   1532 |   2 | 1647.0 |
               +--------+--------+--------+--------+--------+-----+--------+

Top non-repeatable levels by time:
  Lair:1: 2776 daAuts
     D:8: 2278 daAuts
     D:5: 2023 daAuts
     D:1: 1539 daAuts
     D:2: 1475 daAuts
     D:4: 1431 daAuts
     D:3: 1389 daAuts
     D:6: 1382 daAuts
     D:9: 1373 daAuts
     D:7: 1252 daAuts
    D:10: 771 daAuts
  Lair:2: 518 daAuts
  Temple: 261 daAuts
